 Dungeon Crawl Stone Soup version 0.31-a0-986-g5e6e4ef867 (webtiles) character file.

Game seed: 12115664635711790148

159 Xavori the Trooper (level 5, 0/60 HPs)
             Began as a Djinni Chaos Knight on Nov 9, 2023.
             Was a Plaything of Xom.
             Slain by a gnoll
             ... wielding a +0 halberd
             ... led by a gnoll bouda
              (7 damage)
             ... on level 3 of the Dungeon.
             The game lasted 00:02:17 (10371 turns).

Xavori the Trooper (Djinni Chaos Knight)           Turns: 10371, Time: 00:02:17

Health: 0/60       AC:  7    Str: 10    XL:     5   Next: 68%
Gold:   35         EV: 12    Int: 18    God:    Xom [...*..] SH:  0 Dex: 13

rFire   + + .        a - +0 falchion (chaos)
rCold   x . .        (no shield)
rNeg    . . .        b - +2 leather armour
rPois   ∞            (no helmet)
rElec   .            f - +0 cloak
rCorr   .            (no gloves)
SInv    .            (boots unavailable)
Will    .....        (no amulet) Stlth
                     (no ring)
HPRegen 0.30/turn    (no ring)
MPRegen 0.00/turn

%: random rage (3%), infuse magic (-1 HP)
@: berserking, wereblooded, flying, very quick
A: sickness immunity, fire resistance 2, cold vulnerability 1, float, innate
caster, HP casting, extra vitality 1, berserk 1, clever 1, screaming 1, shaggy
fur 1, no potion heal 1
a: Renounce Religion


You were on level 3 of the Dungeon.
You worshipped Xom.
You were a favourite toy of Xom.
You visited 1 branch of the dungeon, and saw 3 of its levels.

You collected 100 gold pieces.
You spent 65 gold pieces at shops.

Inventory:

Hand Weapons
 a - a +0 falchion of chaos (weapon)
Armour
 b - a +2 leather armour (worn)
 f - a +0 cloak (worn)
Scrolls
 c - a scroll of butterflies
 d - 2 scrolls of fear
 h - a scroll of identify
 i - a scroll of fog
Potions
 e - a potion of enlightenment {unknown}
 g - a potion of might {unknown}
 j - a potion of heal wounds


   Skills:
 + Level 3.6 Fighting
 + Level 3.3 Long Blades
 + Level 2.1 Armour
 + Level 3.1 Dodging
 * Level 1.6 Spellcasting
 * Level 1.6 Conjurations
 * Level 1.6 Hexes
   Level 0.0 Charms
 * Level 1.6 Summonings
 * Level 1.6 Necromancy
 * Level 1.6 Translocations
 * Level 1.6 Transmutations
 * Level 1.6 Fire Magic
 * Level 1.6 Ice Magic
 * Level 1.6 Air Magic
 * Level 1.6 Earth Magic
 * Level 1.6 Poison Magic


You knew the following spells:

 Your Spells              Type           Power      Damage    Failure   Level
a - Slow                  Hex            28%        N/A       13%         1
b - Wereblood             Tmut           7%         N/A       19%         2
Your spell library was empty.

Dungeon Overview and Level Annotations

Branches:
Dungeon (3/15)

Altars:

Shops:
D:2 !


Innate Abilities, Weirdness & Mutations

You are immune to sickness and miasma.
You are immune to poison.
Your flesh is very heat resistant. (rF++)
You are vulnerable to cold. (rC-)
You float through the air rather than walking.
You learn spells naturally, not from books.
Your magical power is your life essence.
You have superior vitality. (+4 MHP)
You sometimes lose your temper in combat.
Your mind is acute. (Int +4, Str/Dex -1)
You occasionally shout uncontrollably at your foes.
You are covered in fur. (AC +1)
Potions are less effective at restoring your health.


Message History

A red film seems to cover your vision as you go berserk!
You feel yourself moving faster!
You feel mighty!
You hit the gnoll bouda. You freeze the gnoll bouda.
The gnoll bouda is moderately wounded.
The gnoll bouda hits you with a +0 vampiric whip.
The gnoll hits you from afar with a +0 halberd!
Unknown command.
You hit the gnoll bouda.
The gnoll bouda is poisoned.
The gnoll bouda is heavily wounded.
The gnoll bouda hits you with a +0 vampiric whip!
The gnoll closely misses you.
You are too injured to fight recklessly!
You are too injured to fight recklessly!
You are too injured to fight recklessly!
Unknown command.
You are too injured to fight recklessly!
You barely miss the gnoll bouda. Your punch misses the gnoll bouda.
The gnoll bouda is heavily wounded.
The gnoll bouda hits you with a +0 vampiric whip!
The gnoll hits you but does no damage.
You slash the gnoll bouda!
You feel a bit better.
You kill the gnoll bouda!
You slash the gnoll!
The gnoll looks as sick as possible!
The gnoll is severely wounded.
You hear a shout!
The gnoll barely misses you.
A gnoll comes into view. It is wielding a +0 whip.
You slash the gnoll!
You feel a bit better.
You kill the gnoll!
The gnoll hits you from afar with a +0 halberd!
* * * LOW HITPOINT WARNING * * *
The gnoll hits you but does no damage.
Items here: )) [ ††.
You barely miss the gnoll. The gnoll closely misses you.
The gnoll hits you with a +0 whip.
* * * LOW HITPOINT WARNING * * *
You closely miss the gnoll.
You howl as the wereblood boils in your veins!
The gnoll hits you with a +0 halberd!
You die...

.....# #........
#...#g###@######.
#......#.........
#.[.########
##.## #.# #.#
#g##########
#g@<........
##########..


You could see 2 gnolls.

Vanquished Creatures
  A gnoll bouda (D:3)
  Terence (D:2)
  5 gnolls
  3 adders (D:2)
  A dart slug (D:1)
  6 bats
  2 endoplasms
  A giant cockroach (D:2)
  A goblin (D:3)
  4 hobgoblins
  2 quokkas (D:1)
  5 ball pythons
  A frilled lizard (D:2)
  A kobold (D:1)
  4 rats
38 creatures vanquished.

Notes
Turn   | Place    | Note
-------+----------+-------------------------------------------
     0 | D:1      | Xavori the Djinni Chaos Knight began the quest for the Orb.
     0 | D:1      | Reached XP level 1. HP: 20/20 MP: 0/0
    28 | D:1      | XOM: silly message
    92 | D:1      | XOM: potion effect (haste)
   112 | D:1      | Reached XP level 2. HP: 25/25 MP: 0/0
   297 | D:1      | XOM: divination: magic mapping
   620 | D:1      | XOM: confuse monster(s)
   831 | D:1      | XOM: give mutations
   831 | D:1      | Gained mutation: You are weak. (Str -2) [Xom's mischief]
   831 | D:1      | Gained mutation: Potions are less effective at restoring
                  | your health. [Xom's mischief]
  3094 | D:1      | XOM: summons 2 hostile demons
  3095 | D:1      | Noticed a crimson imp
  3987 | D:1      | XOM is BORED!
  3987 | D:1      | XOM: noise
  4255 | D:1      | XOM: cloud trail
  4331 | D:1      | XOM: god gift: staff of cold
  4661 | D:1      | XOM: silly message
  4894 | D:1      | XOM: silly message
  4981 | D:1      | XOM is BORED!
  4981 | D:1      | XOM: noise
  5026 | D:1      | XOM: summons 2 hostile demons
  5065 | D:2      | XOM: god gift: scroll labelled BEFUYS BEPAQAFF {god gift}
  5137 | D:1      | XOM is BORED!
  5137 | D:1      | XOM: give mutation
  5137 | D:1      | Gained mutation: You possess an exceptional clarity of
                  | mind. [Xom's mischief]
  5261 | D:1      | XOM: give mutations
  5261 | D:1      | Gained mutation: Your spells are a little harder to cast,
                  | but a little more powerful. [Xom's mischief]
  5261 | D:1      | Lost mutation: You possess an exceptional clarity of mind.
                  | [Xom's mischief]
  5261 | D:1      | Lost mutation: Your spells are a little harder to cast, but
                  | a little more powerful. [Xom's mischief]
  5499 | D:1      | XOM: stat loss: -1 Int (12/13)
  5841 | D:1      | XOM: give mutation
  5841 | D:1      | Gained mutation: You have a pair of small horns on your
                  | head. [Xom's mischief]
  6133 | D:1      | XOM: stat loss: -1 Str (8/9)
  7766 | D:1      | XOM: silly message
  8829 | D:1      | XOM is BORED!
  8829 | D:1      | XOM: give mutations
  8829 | D:1      | Gained mutation: You have hidden genetic potential. [Xom's
                  | mischief]
  8829 | D:1      | Lost mutation: You are weak. (Str -2) [Xom's mischief]
  8829 | D:1      | Gained mutation: Your mind is acute. (Int +4, Str/Dex -1)
                  | [Xom's mischief]
  9112 | D:2      | Reached XP level 3. HP: 30/30 MP: 0/0
  9112 | D:2      | Learned a level 1 spell: Slow
  9409 | D:2      | Reached skill level 1 in Spellcasting
  9409 | D:2      | Reached skill level 1 in Conjurations
  9409 | D:2      | Reached skill level 1 in Hexes
  9409 | D:2      | Reached skill level 1 in Summonings
  9409 | D:2      | Reached skill level 1 in Necromancy
  9409 | D:2      | Reached skill level 1 in Translocations
  9409 | D:2      | Reached skill level 1 in Transmutations
  9409 | D:2      | Reached skill level 1 in Fire Magic
  9409 | D:2      | Reached skill level 1 in Ice Magic
  9409 | D:2      | Reached skill level 1 in Air Magic
  9409 | D:2      | Reached skill level 1 in Earth Magic
  9409 | D:2      | Reached skill level 1 in Poison Magic
  9500 | D:2      | Reached XP level 4. HP: 17/35 MP: 0/0
  9511 | D:2      | Gained mutation: You possess an exceptional clarity of
                  | mind. [hidden potential]
  9958 | D:2      | XOM: give mutations
  9958 | D:2      | Lost mutation: You possess an exceptional clarity of mind.
                  | [Xom's mischief]
  9958 | D:2      | Gained mutation: You occasionally shout uncontrollably at
                  | your foes. [Xom's mischief]
  9958 | D:2      | Gained mutation: You sometimes lose your temper in combat.
                  | [Xom's mischief]
  9958 | D:2      | Lost mutation: You have a pair of small horns on your head.
                  | [Xom's mischief]
  9959 | D:2      | XOM: divination: detect items
 10010 | D:2      | Found Panirer's Distillery.
 10013 | D:2      | Bought a potion of heal wounds for 65 gold pieces
 10181 | D:3      | Found a faded altar of an unknown god.
 10188 | D:3      | Noticed Terence
 10215 | D:2      | Reached XP level 5. HP: 39/40 MP: 0/0
 10215 | D:2      | Learned a level 2 spell: Wereblood
 10242 | D:3      | XOM: potion effect (attraction)
 10254 | D:3      | XOM: potion effect (might)
 10257 | D:2      | Killed Terence
 10270 | D:2      | Gained mutation: You are covered in fur. (AC +1) [hidden
                  | potential]
 10270 | D:2      | Lost mutation: You have hidden genetic potential. [hidden
                  | potential expressed]
 10371 | D:3      | Slain by a gnoll

Illustrated notes

Levels and vault maps discovered:
D:1:      reono_arrival_mine, layout_loops_ring, reono_crystal_passage,
          moated_statue
D:2:      layout_basic, serial_shops, nicolae_shop_real_fake_doors,
          kennysheep_potato
D:3:      layout_loops_ring, kiku_gazebo_garden_becter,
          nzn_wu_jian_contemplation, nicolae_ecumenical_oubliette, serial_shops,
          shop, uniq_sigmund, uniq_terence

Skill      XL: |  1  2  3  4  5 |
---------------+----------------+-----
Long Blades    | 3 |  3.3
Spellcasting   | 1 |  1.6
Conjurations   | 1 |  1.6
Hexes          | 1 |  1.6
Summonings     | 1 |  1.6
Necromancy     | 1 |  1.6
Translocations | 1 |  1.6
Transmutations | 1 |  1.6
Fire Magic     | 1 |  1.6
Ice Magic      | 1 |  1.6
Air Magic      | 1 |  1.6
Earth Magic    | 1 |  1.6
Poison Magic   | 1 |  1.6
Armour         | 2 |  2.1
Dodging        | 3 |  3.1
Fighting       | |  3.6

Action                     |  1- 3 |  4- 6 || total
---------------------------+-------+-------++-------
  Melee: Falchion          |    88 |    51 ||   139
         Punch             |     2 |       ||     2
         Headbutt          |     5 |     3 ||     8
   Cast: Wereblood         |       |     2 ||     2
    Use: Scroll            |     1 |     2 ||     3
   Stab: Confused          |     1 |       ||     1
         Paralysed         |     1 |       ||     1
 Armour: Leather armour    |    46 |    42 ||    88
  Dodge: Dodged            |    76 |    61 ||   137

Table legend: (Time is in decaauts)
 A = Elapsed time spent in this place.
 B = Non-inter-level travel time spent in this place.
 C = Inter-level travel time spent in this place.
 D = Time resting spent in this place.
 E = Time spent auto-exploring this place.
 F = Levels seen in this place.
 G = Mean time per level.
                   A        B        C        D        E       F      G
               +--------+--------+--------+--------+--------+-----+--------+
         Total |  10381 |  10317 |     64 |   8707 |   1220 |   3 | 3460.3 |
       Dungeon |  10381 |  10317 |     64 |   8707 |   1220 |   3 | 3460.3 |
               +--------+--------+--------+--------+--------+-----+--------+

Top non-repeatable levels by time:
     D:1: 8633 daAuts
     D:2: 1689 daAuts
     D:3: 58 daAuts
